 Dungeon Crawl Stone Soup version 0.31-a0-237-g2d982f9f85 (webtiles) character file.

Game seed: 1766532139919704771

165 promet the Magician (level 5, -4/28 HPs)
             Began as a Deep Elf Hedge Wizard on July 11, 2023.
             Slain by a gnoll sergeant
             ... wielding a +0 spear
              (6 damage)
             ... on level 3 of the Dungeon.
             The game lasted 00:29:48 (5373 turns).

promet the Magician (Deep Elf Hedge Wizard)         Turns: 5373, Time: 00:29:49

Health: -4/28      AC:  6    Str:  7    XL:     5   Next: 22%
Magic:  5/15       EV: 12    Int: 26    God:
Gold:   203        SH:  0    Dex: 14    Spells: 7/15 levels left

rFire   . . .        a - +2 flail of Ruot Tea {heavy, rC+++ Will- Int+5}
rCold   + + +        (no shield)
rNeg    . . .        l - +1 leather armour
rPois   .            d - +0 helmet
rElec   .            (no cloak)
rCorr   .            n - +0 pair of gloves
SInv    .            (no boots)
Will    .....        (no amulet)
Stlth   ++           (no ring)
HPRegen 0.24/turn    (no ring)
MPRegen 0.14/turn

%: no passive effects
@: no status effects
A: no striking features
a: no special abilities


You were on level 3 of the Dungeon.
You visited 1 branch of the dungeon, and saw 3 of its levels.

You collected 203 gold pieces.

Inventory:

Hand Weapons
 a - the +2 flail of Ruot Tea (weapon) {heavy, rC+++ Will- Int+5}
   (You found it on level 3 of the Dungeon)

   Int:       It affects your intelligence (+5).
   rC:        It renders you almost immune to cold.
   Will:      It decreases your willpower.
 b - a +0 spear
 k - a +0 mace of protection
 m - a +0 dagger
 o - a +0 short sword of protection
 p - a +0 halberd
Missiles
 e - 20 stones
 f - 3 atropa-tipped darts
 h - 2 javelins
 i - a poisoned dart (quivered)
Armour
 c - a +1 hat
 d - a +0 helmet (worn)
 l - a +1 leather armour (worn)
 n - a +0 pair of gloves (worn)
Jewellery
 j - an amulet of guardian spirit
Potions
 g - a potion of enlightenment


   Skills:
 * Level 0.5 Fighting
 + Level 0.7 Short Blades
 + Level 0.5 Armour
 + Level 3.6 Dodging
 + Level 3.0 Stealth
 + Level 5.8 Spellcasting
 + Level 2.2 Conjurations
 + Level 0.1 Hexes
 + Level 2.0 Summonings
 + Level 1.2 Translocations


You had 7 spell levels left.
You knew the following spells:

 Your Spells              Type           Power      Damage    Failure   Level
a - Magic Dart            Conj           76%        1d6       4%          1
b - Slow                  Hex            32%        N/A       10%         1
c - Blink                 Tloc           26%        N/A       10%         2
d - Call Imp              Summ           36%        N/A       7%          2
e - Momentum Strike       Conj/Tloc      32%        3d8       8%          2

Your spell library contained the following spells:

 Spells                   Type           Power      Damage    Failure   Level
 Summon Small Mammal      Summ           72%        N/A       4%          1
 Apportation              Tloc           26%        N/A       6%          1
 Lesser Beckoning         Tloc           26%        N/A       10%         2
 Necrotise                Necr           28%        1d5       11%         1
 Cigotuvi's Dreadful Rot  Necr/Pois/Air  14%        N/A       16%         2
 Mephitic Cloud           Conj/Pois/Air  11%        N/A       22%         3
 Ozocubu's Armour         Ice            7%         N/A       30%         3
 Metabolic Englaciation   Hex/Ice        3%         N/A       95%         5
 Simulacrum               Ice/Necr       3%         N/A       100%        6


Dungeon Overview and Level Annotations

Branches:
Dungeon (3/15)

Altars:
Qazlal


Message History

You blink.
Your cerulean imp completely misses the gnoll sergeant.
Casting: Blink (safe; 10% risk of failure)
Confirm with . or Enter, or press ? or * to list all spells.
You are still too unstable to blink.
Casting: Blink (safe; 10% risk of failure)
Confirm with . or Enter, or press ? or * to list all spells.
Aiming: Magic Dart (safe; 4% risk of failure)
Press: ? - help, Shift-Dir - straight line, f/p - gnoll sergeant
Aim: a gnoll sergeant, wielding a +0 spear and wearing a +0 scale mail (severely wounded, poisoned, ally target, 100% to hit)
The magic dart hits the gnoll sergeant but does no damage.
The gnoll sergeant is severely wounded.
The gnoll sergeant misses you.
Your cerulean imp barely misses the gnoll sergeant.
Casting: Magic Dart (safe; 4% risk of failure)
Confirm with . or Enter, or press ? or * to list all spells.
Aiming: Magic Dart (safe; 4% risk of failure)
Press: ? - help, Shift-Dir - straight line, f/p - gnoll sergeant
Aim: a gnoll sergeant, wielding a +0 spear and wearing a +0 scale mail (almost dead, poisoned, ally target, 100% to hit)
The magic dart hits the gnoll sergeant but does no damage.
The gnoll sergeant is almost dead.
The gnoll sergeant hits you from afar with a +0 spear.
* * * LOW HITPOINT WARNING * * *
Your cerulean imp hits the gnoll sergeant but does no damage.
The gnoll sergeant hits your cerulean imp from afar with a +0 spear!
Your cerulean imp hits the gnoll sergeant but does no damage.
You see here a +0 short sword.
You hit the gnoll sergeant but do no damage.
The gnoll sergeant is almost dead.
You feel stable enough to blink again.
The gnoll sergeant looks more healthy.
The gnoll sergeant hits you with a +0 spear.
* * * LOW HITPOINT WARNING * * *
Your cerulean imp hits the gnoll sergeant but does no damage.
The gnoll sergeant barely misses you.
Your cerulean imp hits the gnoll sergeant but does no damage.
You barely miss the gnoll sergeant.
The gnoll sergeant is almost dead.
The gnoll sergeant hits you with a +0 spear.
You die...

#.# ###....... #.#
#....[... #.### #####
#.......† #...######
#.#.# #....^...
###(.....###.#.#
##........
######..##.#.###
#......... ##........#
##.#.......
##.......###..#.......
#..>.@..5....#........
#.....g.(.####........
####.#...................
#....#......#..##........
#....#......#.###........
#....#.....)...###.......
#....#......##.####......
#....#..)...##...####.#.#
#....###(#######.##.....#


You could see a gnoll sergeant (ally target) and a friendly cerulean imp
(summoned).

Vanquished Creatures
  Robin (D:2)
  2 gnolls (D:3)
  An adder (D:2)
  4 orcs
  9 ball pythons
  4 endoplasms
  2 giant cockroaches (D:2)
  10 hobgoblins
  2 jackals (D:1)
  3 kobolds
  A quokka (D:1)
  2 bats
  5 frilled lizards
  4 goblins
  4 rats
54 creatures vanquished.

Vanquished Creatures (collateral kills)
  2 gnolls (D:3)
  An adder (D:3)
  A dart slug (D:2)
  4 orcs
  3 endoplasms
  5 goblins
  7 hobgoblins
  A kobold (D:3)
  A quokka (D:3)
  A ball python (D:2)
  A frilled lizard (D:3)
27 creatures vanquished.

Grand Total: 81 creatures vanquished

Notes
Turn   | Place    | Note
-------+----------+-------------------------------------------
     0 | D:1      | promet the Deep Elf Hedge Wizard began the quest for the
                  | Orb.
     0 | D:1      | Reached XP level 1. HP: 10/10 MP: 7/7
   688 | D:1      | Reached XP level 2. HP: 15/15 MP: 9/9
   763 | D:1      | Reached skill level 5 in Spellcasting
  1233 | D:1      | Learned a level 1 spell: Slow
  1236 | D:1      | Learned a level 2 spell: Blink
  1239 | D:1      | Learned a level 2 spell: Call Imp
  2185 | D:2      | Reached XP level 3. HP: 19/19 MP: 9/11
  2735 | D:2      | Found a stormy altar of Qazlal.
  2921 | D:2      | Noticed Robin
  2952 | D:2      | Killed Robin
  2969 | D:2      | Reached XP level 4. HP: 22/24 MP: 3/13
  4423 | D:3      | Identified the +2 flail of Ruot Tea {heavy, rC+++ Will-
                  | Int+5}
  5010 | D:3      | Reached XP level 5. HP: 28/28 MP: 9/15
  5014 | D:3      | Learned a level 2 spell: Momentum Strike
  5372 | D:3      | HP: 1/28 [gnoll sergeant/+0 spear (2)]
  5373 | D:3      | Slain by a gnoll sergeant

Illustrated notes

Levels and vault maps discovered:
D:1:      ebering_trefoil_3fold, layout_basic
D:2:      layout_loops_cross, basic_altar, grunt_ministairs_12, uniq_robin
D:3:      minmay_octagon_keep, layout_rooms, pf_guarded_unrand_woodcutter

Skill      XL: |  1  2  3  4  5 |
---------------+----------------+-----
Spellcasting   | 5 |  5.8
Dodging        | 3 |  3.6
Stealth        | 3 |  3.0
Conjurations   | 2 |  2.2
Summonings     | 2 |  2.0
Fighting       | |  0.5
Short Blades   | |  0.7
Armour         | |  0.5
Hexes          | |  0.1
Translocations | |  1.2

Action                     |  1- 3 |  4- 6 || total
---------------------------+-------+-------++-------
  Melee: Dagger            |    69 |     3 ||    72
         Punch             |     1 |       ||     1
         Flail             |       |    13 ||    13
         Spear             |       |     6 ||     6
  Throw: Javelin           |     3 |     8 ||    11
         Dart              |       |     3 ||     3
   Cast: Magic Dart        |    66 |    58 ||   124
         Call Imp          |     8 |    16 ||    24
         Slow              |     2 |     3 ||     5
         Blink             |     1 |     8 ||     9
    Use: Scroll            |     5 |     2 ||     7
         Potion            |       |     2 ||     2
   Stab: Sleeping          |     1 |       ||     1
 Armour: Robe              |    26 |       ||    26
         Leather armour    |       |    13 ||    13
  Dodge: Dodged            |    60 |    34 ||    94

Table legend: (Time is in decaauts)
 A = Elapsed time spent in this place.
 B = Non-inter-level travel time spent in this place.
 C = Inter-level travel time spent in this place.
 D = Time resting spent in this place.
 E = Time spent auto-exploring this place.
 F = Levels seen in this place.
 G = Mean time per level.
                   A        B        C        D        E       F      G
               +--------+--------+--------+--------+--------+-----+--------+
         Total |   5391 |   5230 |    161 |   2447 |    655 |   3 | 1797.0 |
       Dungeon |   5391 |   5230 |    161 |   2447 |    655 |   3 | 1797.0 |
               +--------+--------+--------+--------+--------+-----+--------+

Top non-repeatable levels by time:
     D:2: 2020 daAuts
     D:1: 1951 daAuts
     D:3: 1419 daAuts
